 Dungeon Crawl Stone Soup version 0.19-a0-1581-g9ee287a (webtiles) character file.

112 AlphabetPasta the Chucker (level 4, -2/31 HPs)
             Began as an Octopode Hunter on Sept 15, 2016.
             Slain by a worker ant (5 damage)
             ... on level 4 of the Dungeon.
             The game lasted 00:07:18 (1659 turns).

AlphabetPasta the Chucker (Octopode Hunter)         Turns: 1659, Time: 00:07:19

Health: -2/31      AC:  1    Str: 12    XL:     4   Next: 93%
Magic:  4/4        EV: 14    Int: 13    God:
Gold:   47         SH:  0    Dex: 12    Spells: 0 memorised, 3 levels left

rFire  . . .     SeeInvis .     a - +0 short sword
rCold  . . .     Gourm    .     (no shield)
rNeg   . . .     Faith    .     (helmet restricted)
rPois  .         Spirit   .     (no amulet)
rElec  .         Dismiss  .     (no ring)
rCorr  .         Reflect  .     (no ring)
MR     .....     Harm     .     (no ring)
Stlth  +++.......               (no ring)
                                (no ring)
                                (no ring)
                                (no ring)
                                (no ring)

@: lethally poisoned (-2 -> -11)
A: almost no armour, stealthy swim, amphibious, 8 rings, constrict 8, camouflage
1, gelatinous body 1
a: no special abilities


You were on level 4 of the Dungeon.
You were not hungry.

You visited 1 branch of the dungeon, and saw 3 of its levels.

You collected 47 gold pieces.

Inventory:

Hand Weapons
 a - a +0 short sword (weapon)
Missiles
 b - 4 javelins (quivered)
 c - 2 throwing nets
Jewellery
 i - an uncursed ring of resist corrosion {unknown}
Scrolls
 e - a scroll of blinking {unknown}
 j - a scroll of remove curse {unknown}
 m - a scroll of immolation {unknown}
 n - a scroll of fog {unknown}
Potions
 h - a potion of curing {unknown}
 k - a potion of berserk rage {unknown}
Comestibles
 d - a bread ration
 f - a meat ration
 g - 7 chunks of flesh
 l - a beef jerky


   Skills:
 + Level 3.0 Fighting
 * Level 5.0 Throwing
 + Level 3.1 Dodging
 - Level 1.3 Stealth


You had 3 spell levels left.
You didn't know any spells.

Dungeon Overview and Level Annotations

Branches:
Dungeon (2/15)

Altars:


Innate Abilities, Weirdness & Mutations

You cannot wear most types of armour.
You are very stealthy in the water.
You are amphibious.
You can wear up to eight rings at the same time.
You can use your tentacles to constrict eight enemies at once.
Your skin changes colour to match your surroundings (Stealth+).
Your rubbery body absorbs attacks. (AC +1, EV +1)


Message History

* * * LOW HITPOINT WARNING * * *
The worker ant barely misses you.
You hit the worker ant but do no damage.
You grab the worker ant.
You constrict the worker ant, but do no damage.
The worker ant misses you.
You hit the worker ant but do no damage.
You squeeze the worker ant.
The worker ant is lightly wounded.
You constrict the worker ant. The worker ant bites you.
* * * LOW HITPOINT WARNING * * *
You hit the worker ant.
You squeeze the worker ant, but do no damage.
The worker ant is heavily wounded.
You constrict the worker ant, but do no damage.
The worker ant bites you.
* * * LOW HITPOINT WARNING * * *
You are lethally poisoned!
The worker ant poisons you! The worker ant bites you.
You die...

# .#.# .#.### #
.....+
....#+###+#...#
.......@a.....#
#.#######..#..#
#..#..# #.##%.#
#.†#..# #.....#
#..#.## #8..#.#
#.#..>..


You could see a worker ant.

Vanquished Creatures
  A bullfrog skeleton (D:4)
  2 adders (D:2)
  3 gnolls (D:2)
  2 dart slugs
  2 leopard geckos
  A giant cockroach (D:2)
  2 goblins
  A hobgoblin (D:2)
  2 jackals (D:2)
  5 kobolds (D:1)
  2 ball pythons (D:1)
  5 bats
  A frilled lizard (D:1)
  4 rats
33 creatures vanquished.

Notes
Turn   | Place    | Note
-------+----------+-------------------------------------------
     0 | D:1      | AlphabetPasta the Octopode Hunter began the quest for the Orb.
     0 | D:1      | Reached XP level 1. HP: 14/14 MP: 1/1
   372 | D:1      | Reached XP level 2. HP: 18/19 MP: 2/2
   801 | D:2      | Reached XP level 3. HP: 25/25 MP: 3/3
  1533 | D:2      | Reached XP level 4. HP: 30/30 MP: 4/4
  1635 | D:2      | You fall through a shaft for 2 floors!
  1655 | D:4      | Reached skill level 5 in Throwing
  1659 | D:4      | Slain by a worker ant

Vault maps used:
D:1:      dpeg_arrival_renting, minmay_pentomino_q2
D:2:      uniq_sigmund
D:4:      first_bread, guppyfry_early_orc_mine, uniq_natasha

Skill      XL: |  1  2  3  4 |
---------------+-------------+-----
Dodging        | 3 |  3.1
Fighting       | 3 |  3.0
Throwing       | 5 |  5.0
Stealth        | |  1.3

Action                   |  1- 3 |  4- 6 || total
-------------------------+-------+-------++-------
Melee: Short sword       |    65 |    19 ||    84
       Constrict         |    17 |     6 ||    23
       Tentacles         |    10 |     5 ||    15
Throw: Javelin           |     3 |     8 ||    11
 Stab: Sleeping          |     9 |     1 ||    10
       Distracted        |     2 |       ||     2
  Eat: Chunk             |     2 |       ||     2
Armor: Skin              |    12 |     1 ||    13
Dodge: Dodged            |    42 |    11 ||    53
